 Dungeon Crawl Stone Soup version 0.17-a0-1572-g7a1422d (console) character file.

5260 Monkaria the Cleaver (level 10, -2/84 HPs)
             Began as a Deep Dwarf Berserker on July 24, 2015.
             Was an Elder of Trog.
             Slain by a blue devil (9 damage)
             ... in an ice cave.
             The game lasted 00:18:15 (7003 turns).

Monkaria the Cleaver (Deep Dwarf Berserker)         Turns: 7003, Time: 00:18:15

Health: -2/84      AC: 10    Str: 21    XL:     10   Next: 36%
Magic:  9/9        EV: 11    Int: 14    God:    Trog [****..]
Gold:   236        SH:  0    Dex: 13    Spells: 0 memorised, 9 levels left

rFire  + + .     SeeInvis .     E - +5 war axe "Timiamy" {freeze, rF+}
rCold  . . .     Clarity  .     Q - +0 ring mail
rNeg   + . .     SustAt   .     (no shield)
rPois  .         Gourm    .     L - +0 helmet
rElec  .         Spirit   .     (no cloak)
rCorr  .         Warding  .     (no gloves)
rMut   .         Stasis   .     I - +0 pair of boots
MR     ++...                    (no amulet)
Stlth  ++........               i - ring of protection from magic
                                D - ring "Ezaqagaqos" {rF+ rN+ Int+4 Stlth+}

@: exhausted, non-regenerating, slowed, very slow, very resistant to hostile
enchantments, unstealthy
A: damage resistance, recharge devices, sense surroundings 2, slow healing 3
a: Device Recharging, Burn Spellbooks, Berserk, Trog's Hand, Brothers in Arms,
Renounce Religion


You were in an ice cave.
You worshipped Trog.
Trog was greatly pleased with you.
You were hungry.

You visited 1 branch of the dungeon, and saw 10 of its levels.
You also visited: Ice Cave.

You collected 448 gold pieces.
You spent 212 gold pieces at shops.

Inventory:

Hand weapons
 o - a +2 war axe of freezing
 y - the +8 bow of Krishna "Sharnga" {speed, Dex+3 SInv}
   (You found it on level 5 of the Dungeon)

   Attacks with this weapon are significantly faster.
   It affects your dexterity (+3).
   It lets you see invisible.
 E - the +5 war axe "Timiamy" (weapon) {freeze, rF+}
   (You bought it in a shop on level 6 of the Dungeon)

   It has been specially enchanted to freeze those struck by it, causing extra
   injury to most foes and up to half again as much damage against particularly
   susceptible opponents.
   It can also slow down cold-blooded creatures.
   It protects you from fire.
 M - a +0 blowgun
Missiles
 z - 20 poisoned needles
 A - 2 javelins of returning (quivered)
 H - 4 tomahawks
Armour
 I - a +0 pair of boots (worn)
 L - a +0 helmet (worn)
 Q - a +0 ring mail (worn)
Rods
 O - a +0 iron rod (9/9)
   (You found it on level 10 of the Dungeon)
Jewellery
 a - an uncursed ring of ice
 h - an uncursed ring of magical power
 i - a ring of protection from magic (right hand)
 D - the ring "Ezaqagaqos" (left hand) {rF+ rN+ Int+4 Stlth+}
   (You found it on level 6 of the Dungeon)

   [ring of protection from fire]

   It affects your intelligence (+4).
   It protects you from fire.
   It protects you from negative energy.
   It makes you more stealthy.
 G - an uncursed ring of invisibility
Magical devices
 c - a wand of heal wounds (3)
 k - a wand of cold (5)
 w - a wand of magic darts (18)
 R - a wand of cold (6)
Scrolls
 f - 2 scrolls of teleportation
 g - 4 scrolls of remove curse
 s - 2 scrolls of immolation
 F - a scroll of enchant armour
 K - a scroll of fear {unknown}
 P - a scroll of random uselessness {unknown}
Potions
 e - 3 potions of heal wounds
 m - a potion of haste
 q - a potion of brilliance
 t - 4 potions of curing
 u - 2 potions of resistance
 v - a potion of lignification {unknown}
 B - a potion of magic {unknown}
 C - a potion of mutation {unknown}
Books
 b - a book of Frost

   Spells                             Type                      Level
   a - Freeze                         Ice                          1
   b - Throw Frost                    Conjuration/Ice              2
   c - Ozocubu's Armour               Charms/Ice                   3
   d - Throw Icicle                   Conjuration/Ice              4
   e - Summon Ice Beast               Ice/Summoning                4
   f - Condensation Shield            Ice                          4
   Trog disapproves of the use of such an item.
Comestibles
 d - 7 bread rations
 j - 2 beef jerkies
 l - a slice of pizza
 n - 3 meat rations
 p - 2 royal jellies
 J - 3 fruits
 N - 2 chunks of flesh


   Skills:
 - Level 3.0 Fighting
 - Level 13.0 Axes
 + Level 10.7 Armour
 - Level 2.1 Dodging


You had 9 spell levels left.
You didn't know any spells.

Dungeon Overview and Level Annotations

Branches:
Dungeon (11/15)            Temple (0/1) D:4            Lair (0/8) D:10
    Orc: D:9-12

Altars:
Ashenzari
Dithmenos
Elyvilon
Ru
Sif Muna
Zin
The Shining One

Shops:
D:6 (   D:10 }

Annotations:
IceCv exclusion: 2 ice statues


Innate Abilities, Weirdness & Mutations

You are resistant to damage.
You can recharge devices by infusing magical energy.
You passively map the area around you.
You do not heal naturally.


Message History

Evoke which item? (* to show all) (? for menu, Esc to quit)
Zapping:
c - a wand of heal wounds (4)
Press: ? - help, Shift-Dir - straight line, f - you You feel much better.
This wand has 3 charges left.
The blue devil barely misses you. The blue devil hits you.
The blue devil hits you! The blue devil completely misses you.
Unknown command.
You closely miss the blue devil.
The blue devil is moderately wounded.
You hit the blue devil but do no damage.
The blue devil is moderately wounded.
You hit the blue devil but do no damage.
The blue devil is almost dead.
The blue devil hits you but does no damage.
The blue devil hits you. The blue devil hits you!
* * * LOW HITPOINT WARNING * * *
The blue devil hits you!
* * * LOW HITPOINT WARNING * * *
The blue devil hits you!
You die...

### ##4##
*#.@.# *
#.44..# ,,
#......# *,
*#.......# *
, #........#
, * ,
#.......## *
*, *
§....#.#. ,
, *
,§§...##.#..
* , , * *


You could see 3 blue devils.

Vanquished Creatures
  A hill giant (D:7)
  A manticore (D:10)
  2 blue devils (IceCv)
  The ghost of FIQ the Skirmisher, an average MfWn (D:4)
  6 yaks (D:10)
  3 orc warriors
  A black bear (D:7)
  2 ogres
  A phantom (D:7)
  5 centaurs
  A wyvern skeleton (D:11)
  6 giant frogs
  A scorpion (D:4)
  4 killer bees (D:10)
  A giant frog zombie (D:10)
  2 crimson imps
  A wasp zombie (D:7)
  4 hounds
  2 jellies
  An iguana (D:7)
  4 orc priests
  4 orc wizards
  8 worker ants
  A killer bee zombie (D:5)
  A hound skeleton (D:7)
  13 adders
  A shadow imp (D:4)
  16 white imps
  8 ufetubi (IceCv)
  An ooze (D:5)
  6 worms
  An adder skeleton (D:8)
  6 giant geckos
  29 orcs
  2 ball pythons
  2 giant cockroaches
  9 hobgoblins
  13 jackals
  9 kobolds
  7 quokkas
  19 bats
  4 giant newts
  12 goblins
  3 quokka skeletons
  13 rats
238 creatures vanquished.

Vanquished Creatures (others)
  2 white imps (IceCv)
  A quokka (D:6)
3 creatures vanquished.

Grand Total: 241 creatures vanquished

Notes
Turn   | Place    | Note
--------------------------------------------------------------
     0 | D:1      | Monkaria the Deep Dwarf Berserker began the quest for the Orb.
     0 | D:1      | Reached XP level 1. HP: 20/20 MP: 1/1
   223 | D:1      | Reached XP level 2. HP: 25/28 MP: 2/2
   428 | D:1      | Found a shattered altar of Ashenzari.
   674 | D:2      | Reached skill level 4 in Axes
   799 | D:2      | Reached XP level 3. HP: 24/34 MP: 3/3
   974 | D:2      | Acquired Trog's second power
  1014 | D:2      | Found a sacrificial altar of Ru.
  1237 | D:2      | Found a deep blue altar of Sif Muna.
  1431 | D:3      | You fall through a shaft!
  1446 | D:4      | Noticed FIQ's ghost (average MfWn)
  1476 | D:4      | Noticed a scorpion
  1485 | D:4      | Reached skill level 5 in Axes
  1485 | D:4      | Reached XP level 4. HP: 42/42 MP: 4/4
  1491 | D:4      | Killed a scorpion
  1491 | D:4      | Reached skill level 6 in Axes
  1527 | D:4      | Reached XP level 5. HP: 24/49 MP: 5/5
  1796 | D:4      | Reached skill level 7 in Axes
  1927 | D:4      | Found a shadowy altar of Dithmenos.
  2153 | D:3      | Reached XP level 6. HP: 29/56 MP: 6/6
  2893 | D:4      | Found a staircase to the Ecumenical Temple.
  3235 | D:5      | Entered Level 5 of the Dungeon
  3418 | D:5      | Reached skill level 8 in Axes
  3621 | D:5      | Found a glowing golden altar of the Shining One.
  4116 | D:4      | Killed FIQ's ghost
  4116 | D:4      | Reached XP level 7. HP: 62/62 MP: 7/7
  4172 | D:6      | Reached skill level 9 in Axes
  4424 | D:6      | Got an ancient marble ring
  4444 | D:6      | Identified the ring "Ezaqagaqos" {rF+ rN+ Int+4 Stlth+} (You found it on level 6 of the Dungeon)
  4462 | D:6      | Reached skill level 10 in Axes
  4490 | D:6      | Reached XP level 8. HP: 69/69 MP: 8/8
  4536 | D:6      | Found Nihuil's Antique Weapon Shop.
  4541 | D:6      | Bought a transparent war axe for 212 gold pieces
  4613 | D:6      | Identified the +5 war axe "Timiamy" {freeze, rF+} (You bought it in a shop on level 6 of the Dungeon)
  4615 | D:6      | Found a glowing silver altar of Zin.
  4719 | D:6      | Found a white marble altar of Elyvilon.
  4931 | D:7      | Reached skill level 11 in Axes
  4990 | D:7      | Acquired Trog's third power
  5040 | D:7      | Noticed a hill giant
  5048 | D:7      | Killed a hill giant
  5048 | D:7      | Reached skill level 12 in Axes
  5057 | D:7      | Gained mutation: You passively map the area around you. [Deep Dwarf growth]
  5057 | D:7      | Reached XP level 9. HP: 10/75 MP: 9/9
  5198 | D:7      | Reached skill level 13 in Axes
  5878 | D:8      | You fall through a shaft for 2 floors!
  5878 | D:10     | Entered Level 10 of the Dungeon
  6009 | D:10     | Found a staircase to the Lair.
  6184 | D:10     | Reached skill level 5 in Armour
  6204 | D:10     | Found Nismuag's Gadget Boutique.
  6582 | D:11     | Noticed a manticore
  6640 | D:10     | Killed a manticore
  6655 | D:10     | Reached XP level 10. HP: 32/84 MP: 9/9
  6777 | D:11     | Found a frozen archway.
  6781 | D:11     | Reached skill level 10 in Armour
  6821 | IceCv    | Entered an ice cave
  6876 | IceCv    | Noticed an ice statue
  6876 | IceCv    | Noticed an ice statue
  7003 | IceCv    | Slain by a blue devil

Vault maps used:
D:1:      elethiomel_arrival_quiet, st_stairs_10, evilmike_ruin_ashenzari
D:2:      nicolae_ru_awakened_eye, first_bread, lemuel_blue_sif_altar
D:3:      small_statue_intersection
D:4:      temple_green, minmay_statues_item, st_stairs_14,
          kennysheep_crisscross, grunt_dithmenos_smoke
D:5:      hangedman_decor_push, nicolae_tso_swordbearing_angel
D:6:      elyvilon_altar_4, kennysheep_mini_moat, serial_shops, shop
D:7:      st_stairs_12
D:10:     lair_0_dummy, serial_shops, shop
D:11:     erik_orc_2, special_room, portal_ice_cave_entry_imps,
          grunt_tengu_nest, uniq_josephine, uniq_erica
IceCv:    ice_cave_small_demon

Action                   |  1- 3 |  4- 6 |  7- 9 | 10-12 || total
-------------------------+-------+-------+-------+-------++-------
Melee: Hand axe          |   149 |   135 |       |       ||   284
       War axe           |       |   114 |   231 |    58 ||   403
Invok: Trog's Hand       |     3 |     7 |     9 |     7 ||    26
       Berserk           |     1 |     3 |     7 |     4 ||    15
 Abil: Device Recharging |       |       |     1 |       ||     1
Evoke: Wand              |     2 |     3 |     9 |     4 ||    18
  Use: Potion            |       |     3 |       |       ||     3
       Scroll            |       |     8 |     4 |     5 ||    17
 Stab: Sleeping          |     2 |     3 |    12 |       ||    17
       Invisible         |       |     4 |       |       ||     4
  Eat: Chunk             |     2 |    13 |    17 |     7 ||    39
